 Dungeon Crawl Stone Soup version 0.22-a0-322-g60b3cfd (webtiles) character file.

121 Kairos the Skirmisher (level 5, 42/42 HPs)
             Began as a Human Fighter on Apr 5, 2018.
             Got out of the dungeon alive.
             The game lasted 00:02:38 (1572 turns).

Kairos the Skirmisher (Human Fighter)               Turns: 1572, Time: 00:02:39

Health: 42/42      AC: 10    Str: 17    XL:     5   Next: 26%
Magic:  14/14      EV:  7    Int:  8    God:
Gold:   173        SH:  9    Dex: 13    Spells: 4/4 levels left

rFire    . . .     SeeInvis .   a - +0 war axe
rCold    . . .     Gourm    .   c - +0 shield
rNeg     . . .     Faith    .   b - +2 scale mail
rPois    .         Spirit   .   p - +0 helmet
rElec    .         Reflect  .   (no cloak)
rCorr    .         Harm     .   (no gloves)
MR       .....                  (no boots)
Stlth    ..........             e - amulet of regeneration
HPRegen  0.54/turn              l - ring of magical power
MPRegen  0.14/turn              (no ring)

@: no status effects
A: no striking features
a: no special abilities


You escaped.
You were very hungry.

You visited 1 branch of the dungeon, and saw 3 of its levels.

You collected 173 gold pieces.

Inventory:

Hand Weapons
 a - a +0 war axe (weapon)
 o - a +1 mace of protection
Missiles
 m - 4 tomahawks (quivered)
Armour
 b - a +2 scale mail (worn)
 c - a +0 shield (worn)
 p - a +0 helmet (worn)
Jewellery
 e - an amulet of regeneration (around neck)
 l - a ring of magical power (left hand)
Scrolls
 g - a scroll of fog {unknown}
 i - 4 scrolls of identify
 j - 2 scrolls of remove curse
 n - a scroll of enchant weapon {unknown}
 r - a scroll of amnesia {unknown}
Potions
 d - a potion of might
 h - a potion of lignification {unknown}
 k - 2 potions of curing {unknown}
 q - a potion of mutation {unknown}
Comestibles
 f - 7 rations


   Skills:
 + Level 3.6 Fighting
 + Level 3.4 Axes
 + Level 3.5 Armour
 + Level 0.7 Dodging
 + Level 3.5 Shields


You had 4 spell levels left.
You didn't know any spells.

Dungeon Overview and Level Annotations

Branches:
Dungeon (3/15)

Altars:


Message History

No target in view!
A goblin comes into view.
The goblin shouts!
The goblin hits you but does no damage.
You see here a buckler.
You barely miss the goblin. You block the goblin's attack.
You slash the goblin!
You kill the goblin!
No target in view!
No target in view!
There is a stone staircase leading up here.
You climb upwards.
There is a stone staircase leading down here.
You see here a club.
There is a stone staircase leading up, spattered with blood here.
You climb upwards.
There is a stone staircase leading down here.
There is a staircase leading out of the dungeon here.
Are you sure you want to leave the Dungeon?
This will make you lose the game!
You have escaped!

##.##.#####...####.####
#....................#
##.##....###..#####...#
..###..### #.#.###.#..##
.## #.#########.#.###..#
.####......## ##.## ##.#
.......#..#.###.#.###.##
.####....###.#.#.#.#.##
.# #.#.#####.#.@.#.## .#
#.#...##.#.#.#.#.## .#
#.#.###.###.#.###.##
.####..#.#.## ##.## ##.#
.##...###...###.#.## #.#
.##.#..#.#.###.###.###.#
.##.##..##.##.## ##.##.#
.##.##........# #.##.#
###.##.....#### #....#


There were no monsters in sight!

Vanquished Creatures
  A bullfrog skeleton (D:3)
  Terence (D:2)
  Robin (D:2)
  3 worms
  2 leopard geckos
  An orc (D:3)
  7 bats
  11 goblins
  7 hobgoblins
  A quokka (D:3)
  A ball python (D:1)
  2 frilled lizards
  5 kobolds
  3 rats
46 creatures vanquished.

Notes
Turn   | Place    | Note
-------+----------+-------------------------------------------
     0 | D:1      | Kairos the Human Fighter began the quest for the Orb.
     0 | D:1      | Reached XP level 1. HP: 18/18 MP: 1/1
   269 | D:1      | Reached XP level 2. HP: 21/24 MP: 2/2
   631 | D:2      | Noticed Terence
   650 | D:2      | Killed Terence
   650 | D:2      | Reached XP level 3. HP: 27/29 MP: 3/3
   761 | D:2      | Reached XP level 4. HP: 22/35 MP: 4/4
   819 | D:2      | Noticed Robin
   853 | D:2      | Killed Robin
  1410 | D:3      | Reached XP level 5. HP: 42/42 MP: 5/5
  1572 | D:$      | Got out of the dungeon alive.

Vault maps used:
D:1:      minmay_arrival_diagonal_passages
D:2:      uniq_terence, uniq_robin
D:3:      first_ration

Skill      XL: |  1  2  3  4 |
---------------+-------------+-----
Axes           | 3 |  3.4
Fighting       | |  3.6
Armour         | |  3.5
Dodging        | |  0.7
Shields        | |  3.5

Action                   |  1- 3 |  4- 6 || total
-------------------------+-------+-------++-------
Melee: War axe           |    68 |    72 ||   140
  Use: Scroll            |       |     4 ||     4
  Eat: Chunk             |       |     1 ||     1
Armor: Scale mail        |    16 |    49 ||    65
Dodge: Dodged            |    23 |    35 ||    58
Block: Shield            |    29 |    48 ||    77

Table legend:
 A = Spawn XP
 B = Non-spawn XP
 C = Spawn XP percentage of total XP
 D = Spawn monster count
 E = Non-spawn monster count
 F = Spawn count percentage of total count
 G = Total turns spent on level
                    A         B        C        D         E        F      G
               +---------+---------+-------+---------+---------+-------+---------
         Total |       0 |     174 |   0.0 |       0 |      46 |   0.0 |  1572
               +---------+---------+-------+---------+---------+-------+---------
           D:1 |       0 |      18 |   0.0 |       0 |      12 |   0.0 |   620
           D:2 |       0 |      87 |   0.0 |       0 |      22 |   0.0 |   523
           D:3 |       0 |      69 |   0.0 |       0 |      12 |   0.0 |   429
               +---------+---------+-------+---------+---------+-------+---------
